AoeStats
← schmeno

Arena

509755998Analyzed
3v3 RM · 5d ago on Sep 27, 2026· 60m 51s· 6 players
Game mode
Random Map
Map size
Normal (6 player)
Population
200
Speed
Normal
Resources
Standard
Victory
Conquest
Starting age
Dark Age
Ending age
Imperial Age
RankedLock teamsTeams togetherTeam positionsShared explorationLock speedFull tech treeHidden civsTurbo modeCheats
Victory
Defeat
🇨🇴 Britons · Colombia
1169
+14
🇺🇸 Khmer · United States
1149
+15
🇺🇸 Persians · United States
1087
+17
🇺🇸 Varangians · United States
1170
-17
🇺🇸 Saxons · United States
1164
-17
🇺🇸 Saxons · United States
1034
-12
Tired Cock
10:30 Feudal Age
11:53 Loom
14:55 Castle Age
13:19 Double-Bit Axe
14:17 Horse Collar
22:12 Wheelbarrow
21:50 Bow Saw
22:26 Bloodlines
24:03 Scale Barding Armor
25:47 Chain Barding Armor
28:10 Husbandry
29:22 Forging
32:03 Vendel Legacy
33:18 Hand Cart
34:23 Iron Casting
37:05 Imperial Age
39:13 Plate Barding Armor
38:10 Cavalier
42:10 Two-Man Saw
47:30 Blast Furnace
50:25 Pikeman
51:07 Squires
50:53 Arson
51:11 Scale Mail Armor
51:02 Fletching
51:15 Gambesons
51:31 Squires
51:17 Arson
51:12 Halberdier
54:52 Chain Mail Armor
Simon Nelson Cook
10:14 Feudal Age
14:57 Castle Age
13:23 Fletching
14:29 Scale Mail Armor
14:17 Double-Bit Axe
14:22 Horse Collar
15:46 Loom
21:38 Bow Saw
28:14 Chain Mail Armor
32:06 Imperial Age
31:11 Pikeman
32:36 Shield Wall
33:26 Halberdier
34:20 Murder Holes
41:47 Elite Hearth Troop
47:32 Shield Wall
49:23 Bodkin Arrow
51:16 Plate Mail Armor
50:57 Forging
schmeno
10:42 Feudal Age
14:13 Castle Age
12:17 Double-Bit Axe
12:15 Horse Collar
15:25 Bow Saw
16:15 Loom
20:22 Gold Mining
23:34 Wheelbarrow
22:47 Town Watch
28:04 Imperial Age
26:19 Hand Cart
26:27 Heavy Plow
26:48 Fletching
27:29 Ballistics
27:29 Bodkin Arrow
27:42 Elite Skirmisher
28:25 Padded Archer Armor
28:30 Stone Mining
28:59 Bracer
29:39 Conscription
29:26 Guard Tower
30:04 Treadmill Crane
30:43 Leather Archer Armor
33:23 Chemistry
32:09 Arrowslits
32:40 Thumb Ring
33:33 Block Printing
33:20 Atonement
33:41 Sanctity
34:23 Bloodlines
34:58 Ring Archer Armor
36:11 Scale Barding Armor
35:45 Light Cavalry
37:28 Keep
36:39 Clerical Recruitment
37:33 Redemption
37:49 Illumination
39:03 Murder Holes
42:59 Siege Engineers
43:05 Masonry
44:24 Hussar
45:30 Husbandry
48:38 Forging
48:48 Chain Barding Armor
50:07 Capped Ram
51:34 Siege Ram
56:01 Iron Casting
78!SATTACk08
5:19 Loom
11:57 Feudal Age
12:35 Double-Bit Axe
16:06 Castle Age
19:32 Bow Saw
19:34 Horse Collar
22:28 Fletching
24:00 Crossbowman
24:42 Pikeman
28:50 Kamandaran
35:26 Thumb Ring
39:22 Imperial Age
37:23 Forging
37:19 Scale Barding Armor
38:16 Caravan
39:13 Chain Barding Armor
39:29 Iron Casting
39:08 Bloodlines
38:58 Husbandry
40:09 Elite War Elephant
42:39 Hoardings
42:25 Conscription
42:33 Conscription
42:24 Citadels
44:48 Blast Furnace
44:24 Plate Barding Armor
46:37 Masonry
47:34 Chemistry
46:54 Ballistics
47:54 Scale Mail Armor
47:53 Bodkin Arrow
49:55 Heavy Plow
51:01 Two-Man Saw
50:42 Wheelbarrow
49:52 Town Watch
50:41 Architecture
59:48 Guilds
layuyimartine
9:15 Feudal Age
12:29 Castle Age
12:13 Double-Bit Axe
12:09 Horse Collar
19:40 Bow Saw
20:13 Heavy Plow
21:59 Wheelbarrow
22:48 Loom
23:55 Hand Cart
23:33 Gold Mining
23:36 Stone Mining
25:02 Gold Shaft Mining
25:05 Stone Shaft Mining
29:06 Imperial Age
27:07 Forging
28:24 Iron Casting
27:55 Scale Barding Armor
27:53 Husbandry
28:05 Bloodlines
30:51 Chain Barding Armor
30:35 Tusk Swords
32:11 Blast Furnace
31:47 Coinage
31:25 Elite Battle Elephant
33:05 Plate Barding Armor
33:17 Banking
34:12 Crop Rotation
34:21 Conscription
40:32 Caravan
42:06 Fletching
42:09 Heavy Scorpion
44:19 Siege Engineers
46:02 Chemistry
46:35 Double Crossbow
48:02 Ballistics
53:27 Light Cavalry
54:11 Devotion
56:52 Capped Ram
57:44 Hussar
danielcv1112
11:31 Feudal Age
9:48 Loom
15:11 Castle Age
12:57 Loom
13:14 Double-Bit Axe
16:22 Fletching
17:33 Crossbowman
20:33 Bodkin Arrow
21:25 Horse Collar
23:03 Wheelbarrow
23:24 Wheelbarrow
23:32 Bow Saw
25:34 Padded Archer Armor
26:19 Stone Mining
30:35 Imperial Age
28:51 Ballistics
29:52 Leather Archer Armor
29:33 Town Watch
31:19 Bracer
30:50 Arbalester
32:42 Two-Man Saw
34:23 Chemistry
35:56 Ring Archer Armor
35:06 Capped Ram
35:07 Heavy Scorpion
35:39 Onager
48:21 Heavy Scorpion
53:50 Elite Skirmisher
58:54 Man-at-Arms
59:34 Squires
Connection lost

Rejoining the realm…

Still unreachable

The connection could not be restored.

Session expired

The server has moved on; the page needs a fresh start.